CAL (WIN)
LAKELAND FLYING TIGERS @ DAYTONA TORTUGAS
12/15/2049
 
TOP OF THE 1ST
Lakeland Flying Tigers batting - Pitching for Daytona Tortugas : LHP Suk-jin Sok
Pitching: LHP Suk-jin Sok
Batting: RHB Alex Duarte 0-0: Called Strike
0-1: Fly out, F4 (Popup, 4, EV 65.6 MPH)
Batting: RHB Dustin Bursell 0-0: Called Strike
0-1: Foul Ball, location: 2F
0-2: Strikes out swinging
Batting: SHB Ronnie Lundy 0-0: Fly out, F8 (Line Drive, 78M, EV 96.3 MPH)
Top of the 1st over - 0 runs, 0 hits, 0 errors, 0 left on base; Lakeland 0 - Daytona 0
BOTTOM OF THE 1ST
Daytona Tortugas batting - Pitching for Lakeland Flying Tigers : RHP Neel Verhelst
Pitching: RHP Neel Verhelst
Batting: RHB Alex de Leon 0-0: Foul Ball, location: 7LSFF
0-1: Ball
1-1: SINGLE (Line Drive, 8RS, EV 95.0 MPH)
Batting: RHB Alex Juarez 0-0: Called Strike
0-1: Grounds into double play, 6-4-3 (Groundball, 6, EV 85.6 MPH)
Batting: RHB Andy Bachman 0-0: Ground out 6-3 (Groundball, 6MS, EV 93.1 MPH)
Bottom of the 1st over - 0 runs, 1 hit, 0 errors, 0 left on base; Lakeland 0 - Daytona 0
TOP OF THE 2ND
Lakeland Flying Tigers batting - Pitching for Daytona Tortugas : LHP Suk-jin Sok
Batting: SHB Isaiah Bias 0-0: Ball
1-0: Called Strike
1-1: Ball
2-1: Fly out, F8 (Flyball, 8RS, EV 89.4 MPH)
Batting: RHB Jason LeBlanc 0-0: Ball
1-0: Foul Ball, location: 2LF
1-1: Called Strike
1-2: Strikes out swinging
Batting: SHB Bill Casal 0-0: Called Strike
0-1: Ball
1-1: Foul Ball, location: 5F
1-2: Ball
2-2: Ball
3-2: Strikes out swinging
Top of the 2nd over - 0 runs, 0 hits, 0 errors, 0 left on base; Lakeland 0 - Daytona 0
BOTTOM OF THE 2ND
Daytona Tortugas batting - Pitching for Lakeland Flying Tigers : RHP Neel Verhelst
Batting: SHB Jaivata Mohanty 0-0: Called Strike
0-1: Called Strike
0-2: Strikes out swinging
Batting: RHB Alex Villagomez 0-0: SINGLE (Groundball, 4MD, EV 108.1 MPH)
Batting: RHB Toki Takeuchi 0-0: Foul Ball, location: 25FF
0-1: Called Strike
0-2: Foul Ball, location: 9LMF
0-2: Fielders Choice at 2nd, 6-4 (Groundball, 6, EV 83.8 MPH)
Batting: RHB John Hopkins 0-0: Ball
Toki Takeuchi steals 2nd base
1-0: Ground out U3 (Groundball, 34, EV 81.9 MPH)
Bottom of the 2nd over - 0 runs, 1 hit, 0 errors, 1 left on base; Lakeland 0 - Daytona 0
TOP OF THE 3RD
Lakeland Flying Tigers batting - Pitching for Daytona Tortugas : LHP Suk-jin Sok
Batting: RHB Mark Massey 0-0: Ball
1-0: SINGLE (Line Drive, 7S, EV 104.4 MPH)
Batting: RHB Francisco Ruiz 0-0: Swinging Strike
0-1: Called Strike
0-2: Strikes out swinging
Batting: RHB Alejandro Tovar 0-0: Ball
1-0: Foul Ball, location: 5FF
1-1: Swinging Strike
1-2: Strikes out swinging
Batting: RHB Alex Duarte 0-0: Called Strike
0-1: Called Strike
0-2: Strikes out looking
Top of the 3rd over - 0 runs, 1 hit, 0 errors, 1 left on base; Lakeland 0 - Daytona 0
BOTTOM OF THE 3RD
Daytona Tortugas batting - Pitching for Lakeland Flying Tigers : RHP Neel Verhelst
Batting: RHB Emanuel Estrada 0-0: Ground out 4-3 (Groundball, 4, EV 98.8 MPH)
Batting: RHB Will Trudeau 0-0: Foul Ball, location: 9LDF
0-1: Swinging Strike
0-2: Strikes out swinging
Batting: RHB Alex de Leon 0-0: Ball
1-0: DOUBLE (Flyball, 78D, EV 96.9 MPH)
Batting: RHB Alex Juarez 0-0: Foul Ball, location: 9LDF
0-1: Fly out, F9 (Flyball, 9D, EV 92.5 MPH)
Bottom of the 3rd over - 0 runs, 1 hit, 0 errors, 1 left on base; Lakeland 0 - Daytona 0
TOP OF THE 4TH
Lakeland Flying Tigers batting - Pitching for Daytona Tortugas : LHP Suk-jin Sok
Batting: RHB Dustin Bursell 0-0: Ball
1-0: Swinging Strike
1-1: SINGLE (Line Drive, 8RS, EV 109.4 MPH)
Batting: SHB Ronnie Lundy 0-0: Called Strike
Dustin Bursell steals 2nd base
0-1: Foul Ball, location: 2F
0-2: Strikes out swinging
Batting: SHB Isaiah Bias 0-0: Ball
1-0: Called Strike
1-1: Ground out 5-3 (Groundball, 56S, EV 78.8 MPH)
Batting: RHB Jason LeBlanc 0-0: Swinging Strike
0-1: Foul Ball, location: 2F
0-2: Fly out, F7 (Flyball, 7, EV 87.5 MPH)
Top of the 4th over - 0 runs, 1 hit, 0 errors, 1 left on base; Lakeland 0 - Daytona 0
BOTTOM OF THE 4TH
Daytona Tortugas batting - Pitching for Lakeland Flying Tigers : RHP Neel Verhelst
Batting: RHB Andy Bachman 0-0: Called Strike
0-1: Ball
1-1: Called Strike
1-2: Strikes out swinging
Batting: SHB Jaivata Mohanty 0-0: Called Strike
0-1: Ball
1-1: Foul Ball, location: 2F
1-2: Ball
2-2: Ball
3-2: Strikes out swinging, 2-3 out at first.
Batting: RHB Alex Villagomez 0-0: Ball
1-0: SINGLE (Groundball, 56D, EV 110.0 MPH)
Batting: RHB Toki Takeuchi 0-0: Ball
1-0: Ball
2-0: Called Strike
2-1: SINGLE (Line Drive, 56, EV 96.3 MPH)
Alex Villagomez to second
Batting: RHB John Hopkins 0-0: Called Strike
0-1: Swinging Strike
0-2: Strikes out swinging
Bottom of the 4th over - 0 runs, 2 hits, 0 errors, 2 left on base; Lakeland 0 - Daytona 0
TOP OF THE 5TH
Lakeland Flying Tigers batting - Pitching for Daytona Tortugas : LHP Suk-jin Sok
Batting: SHB Bill Casal 0-0: Called Strike
0-1: Ball
1-1: Ball
2-1: Ground out 4-3 (Groundball, 4S, EV 85.0 MPH)
Batting: RHB Mark Massey 0-0: Called Strike
0-1: Foul Ball, location: 2F
0-2: Strikes out swinging
Batting: RHB Francisco Ruiz 0-0: Ball
1-0: Ball
2-0: Called Strike
2-1: Foul Ball, location: 2F
2-2: Ball
3-2: Strikes out swinging
Top of the 5th over - 0 runs, 0 hits, 0 errors, 0 left on base; Lakeland 0 - Daytona 0
BOTTOM OF THE 5TH
Daytona Tortugas batting - Pitching for Lakeland Flying Tigers : RHP Neel Verhelst
Batting: RHB Emanuel Estrada 0-0: Ball
1-0: Ball
2-0: Foul Ball, location: 9LSF
2-1: Foul Ball, location: 9LMF
2-2: Ball
3-2: SINGLE (Groundball, 5L, EV 90.0 MPH) (infield hit)
Batting: RHB Will Trudeau 0-0: Fielders Choice at 2nd, 5-4 (Groundball, 5S, EV 85.6 MPH)
Batting: RHB Alex de Leon 0-0: Called Strike
0-1: Ball
1-1: Ball
Will Trudeau steals 2nd, throwing error, E2
Will Trudeau to third
2-1: 2-RUN HOME RUN (Flyball, 8RXD, EV 110.0 MPH), Distance : 436 ft
Batting: RHB Alex Juarez 0-0: Ball
1-0: Ball
2-0: Called Strike
2-1: Foul Ball, location: 2F
2-2: Fly out, F7 (Line Drive, 78M, EV 100.0 MPH)
Batting: RHB Andy Bachman 0-0: Called Strike
0-1: Foul Ball, location: 2F
0-2: Ball
1-2: SINGLE (Groundball, 56D, EV 102.5 MPH)
Batting: SHB Jaivata Mohanty 0-0: Called Strike
0-1: Ground out 4-3 (Groundball, 4, EV 109.4 MPH)
Bottom of the 5th over - 2 runs, 3 hits, 1 error, 1 left on base; Lakeland 0 - Daytona 2
TOP OF THE 6TH
Lakeland Flying Tigers batting - Pitching for Daytona Tortugas : LHP Suk-jin Sok
Batting: RHB Alejandro Tovar 0-0: Ball
1-0: Called Strike
1-1: Fly out, F8 (Line Drive, 89D, EV 96.9 MPH)
Batting: RHB Alex Duarte 0-0: Foul Ball, location: 3SF
0-1: Ball
1-1: Ball
2-1: Fly out, F6 (Line Drive, 56D, EV 68.1 MPH)
Batting: RHB Dustin Bursell 0-0: Ball
1-0: Called Strike
1-1: Foul Ball, location: 7LMF
1-2: Foul Ball, location: 23F
1-2: Strikes out looking
Top of the 6th over - 0 runs, 0 hits, 0 errors, 0 left on base; Lakeland 0 - Daytona 2
BOTTOM OF THE 6TH
Daytona Tortugas batting - Pitching for Lakeland Flying Tigers : RHP Neel Verhelst
Batting: RHB Alex Villagomez 0-0: Ball
1-0: Ball
2-0: Ball
3-0: Called Strike
3-1: Called Strike
3-2: Foul Ball, location: 9LDF
3-2: Foul Ball, location: 9LSF
3-2: Strikes out looking
Batting: RHB Toki Takeuchi 0-0: Ball
1-0: Ball
2-0: Ball
3-0: Called Strike
3-1: Base on Balls
Pitching: RHP Edwin Torres
Batting: RHB John Hopkins 0-0: Called Strike
0-1: Ball
1-1: Ground out 6-3 (Groundball, 6S, EV 65.0 MPH)
Toki Takeuchi to second
Batting: RHB Emanuel Estrada 0-0: Ball
1-0: Fly out, F7 (Flyball, 78S, EV 83.1 MPH)
Bottom of the 6th over - 0 runs, 0 hits, 0 errors, 1 left on base; Lakeland 0 - Daytona 2
TOP OF THE 7TH
Lakeland Flying Tigers batting - Pitching for Daytona Tortugas : LHP Suk-jin Sok
Batting: SHB Ronnie Lundy 0-0: Foul Ball, location: 3FF
0-1: Ball
1-1: Ball
2-1: Called Strike
2-2: Strikes out swinging
Batting: SHB Isaiah Bias 0-0: Ball
1-0: Called Strike
1-1: Foul Ball, location: 2LF
1-2: TRIPLE (Line Drive, 89XD, EV 103.1 MPH)
Pinch Hitting: LHB Timotheus Young 0-0: Ball
1-0: Called Strike
1-1: Swinging Strike
1-2: Ball
2-2: Strikes out swinging
Pinch Hitting: RHB J.J. Basil 0-0: Called Strike
0-1: Called Strike
0-2: Ball
1-2: Fly out, F8 (Flyball, 8LS, EV 95.6 MPH)
Top of the 7th over - 0 runs, 1 hit, 0 errors, 1 left on base; Lakeland 0 - Daytona 2
BOTTOM OF THE 7TH
Daytona Tortugas batting - Pitching for Lakeland Flying Tigers : RHP Edwin Torres
Now at 1B: Simon Barry
Now at 2B: J.J. Basil
Pinch Hitting: LHB Jeremy Robertson 0-0: Ball
1-0: Foul Ball, location: 5FF
1-1: Ball
2-1: Foul Ball, location: 2F
2-2: Ball
3-2: Base on Balls
Batting: RHB Alex de Leon 0-0: Ball
1-0: Sac Bunt to P - play at first, batter OUT! 1-3
Jeremy Robertson to second
Batting: RHB Alex Juarez 0-0: Ground out 5-3 (Groundball, 56S, EV 85.0 MPH)
Batting: RHB Andy Bachman 0-0: Called Strike
0-1: Ball
1-1: Ball
2-1: TRIPLE (Line Drive, 89XD, EV 99.4 MPH)
Jeremy Robertson scores
Batting: SHB Jaivata Mohanty 0-0: Ball
1-0: Ball
2-0: Ball
3-0: Called Strike
3-1: Foul Ball, location: 7LDF
3-2: Base on Balls
Batting: RHB Alex Villagomez 0-0: Ball
1-0: Ball
2-0: Foul Ball, location: 25F
2-1: Called Strike
2-2: Strikes out swinging
Bottom of the 7th over - 1 run, 1 hit, 0 errors, 2 left on base; Lakeland 0 - Daytona 3
TOP OF THE 8TH
Lakeland Flying Tigers batting - Pitching for Daytona Tortugas : LHP Suk-jin Sok
Pitching: LHP Juan Villegas
Now at 2B: Fernando Gomez
Now in LF: Ben Burkholder
Batting: RHB Mark Massey 0-0: Foul Ball, location: 2F
0-1: Swinging Strike
0-2: Strikes out looking
Batting: RHB Francisco Ruiz 0-0: Foul Ball, location: 9LDF
0-1: Swinging Strike
0-2: Ball
1-2: Foul Ball, location: 9LSF
1-2: Strikes out swinging
Batting: RHB Alejandro Tovar 0-0: Swinging Strike
0-1: Swinging Strike
0-2: Foul Ball, location: 3F
0-2: Foul Ball, location: 2RF
0-2: Strikes out swinging
Top of the 8th over - 0 runs, 0 hits, 0 errors, 0 left on base; Lakeland 0 - Daytona 3
BOTTOM OF THE 8TH
Daytona Tortugas batting - Pitching for Lakeland Flying Tigers : RHP Edwin Torres
Batting: RHB Toki Takeuchi 0-0: SINGLE (Line Drive, 6MD, EV 110.0 MPH)
Batting: RHB John Hopkins 0-0: Swinging Strike
0-1: Called Strike
0-2: Strikes out looking
Batting: RHB Emanuel Estrada 0-0: Ball
1-0: Ball
2-0: Ball
3-0: Base on Balls
Toki Takeuchi to second
Batting: RHB Ben Burkholder 0-0: Fly out, F8 (Flyball, 8LS, EV 91.9 MPH)
Batting: LHB Fernando Gomez 0-0: Ball
1-0: Ball
2-0: Ball
3-0: Foul Ball, location: 2F
3-1: Foul Ball, location: 3F
3-2: Base on Balls
Toki Takeuchi to third
Emanuel Estrada to second
Batting: RHB Alex Juarez 0-0: Fly out, F7 (Flyball, 7, EV 93.1 MPH)
Bottom of the 8th over - 0 runs, 1 hit, 0 errors, 3 left on base; Lakeland 0 - Daytona 3
TOP OF THE 9TH
Lakeland Flying Tigers batting - Pitching for Daytona Tortugas : LHP Juan Villegas
Batting: RHB Alex Duarte 0-0: Foul Ball, location: 3SF
0-1: Ball
1-1: Swinging Strike
1-2: Strikes out swinging
Batting: RHB Dustin Bursell 0-0: Called Strike
0-1: Ball
1-1: Called Strike
1-2: Ball
2-2: Strikes out looking
Batting: SHB Ronnie Lundy 0-0: Called Strike
0-1: Ground out 6-3 (Groundball, 56, EV 105.0 MPH)
Top of the 9th over - 0 runs, 0 hits, 0 errors, 0 left on base; Lakeland 0 - Daytona 3
Sunday, July 16th , 2023 - OOTP Baseball 24.6 Build 69